 Dungeon Crawl Stone Soup version 0.19.0-22-gd96e5fe (console) character file.

128919 nht the Severer (level 16, -1/132 HPs)
             Began as a Minotaur Hunter on Nov 18, 2016.
             Was the Champion of Okawaru.
             Killed from afar by a thorn hunter (23 damage)
             ... with a volley of thorns
             ... on level 4 of the Swamp.
             The game lasted 01:24:10 (28714 turns).

nht the Severer (Minotaur Hunter)                  Turns: 28714, Time: 01:24:23

Health: -1/132     AC: 19    Str: 21    XL:     16   Next: 49%
Magic:  17/20      EV: 21    Int:  8    God:    Okawaru [******]
Gold:   438        SH:  0    Dex: 14    Spells: 0 memorised, 15 levels left

rFire  + . .     SeeInvis .     z - +1 battleaxe (flame)
rCold  + . .     Gourm    .     u - +0 swamp dragon scales
rNeg   . . .     Faith    .     (shield currently unavailable)
rPois  +         Spirit   .     (helmet unavailable)
rElec  +         Reflect  .     C - +2 cloak {+Inv}
rCorr  .         Harm     .     m - +2 pair of gloves
MR     ++...                    w - +2 pair of boots {Stlth+}
Stlth  ++........               Q - amulet of Kydgheac {RegenMP rElec MR+}
                                O - ring of protection from fire
                                s - ring of protection from cold

@: lethally poisoned (-1 -> -1), finesse
A: retaliatory headbutt, horns 3, deterioration 1
a: Heroism, Finesse, Renounce Religion, Evoke Invisibility


You were on level 4 of the Swamp.
You worshipped Okawaru.
Okawaru was exalted by your worship.
You were not hungry.

You visited 5 branches of the dungeon, and saw 28 of its levels.
You also visited: Ice Cave.

You collected 2115 gold pieces.
You spent 1677 gold pieces at shops.

Inventory:

Hand Weapons
 a - a +1 arbalest of freezing
 b - the +11 battleaxe of the Pill Bug {pain, rN++ Str+4 Int+4 Dex-5}
   (You bought it in a shop on level 5 of the Dungeon)

   In the hands of one skilled in necromantic magic, it inflicts extra damage on
   living creatures.
   It affects your strength (+4).
   It affects your intelligence (+4).
   It affects your dexterity (-5).
   It greatly protects you from negative energy.
 o - a +3 triple crossbow of freezing
 z - a +1 battleaxe of flaming (weapon)
 H - the +7 battleaxe "nht's Bane" {antimagic, rC++}
   (You found it on level 10 of the Dungeon)

   It reduces the magical energy of the wielder, and disrupts the spells and
   magical abilities of those hit.
   Natural abilities and divine invocations are not affected.
   It greatly protects you from cold.
Missiles
 d - 438 bolts
Armour
 k - the +0 pair of gloves "Ivixzean" {rC- MR+ Dex+2}
   (You found it on level 6 of the Dungeon)

   It affects your dexterity (+2).
   It makes you vulnerable to cold.
   It affects your resistance to hostile enchantments.
 m - a +2 pair of gloves (worn)
 u - +0 swamp dragon scales (worn)
 w - a +2 pair of boots of stealth (worn)
 C - a +2 cloak of invisibility (worn)
 I - a +0 leather armour of fire resistance
 V - a +2 plate armour of magic resistance
Jewellery
 r - an uncursed amulet of rage
 s - a ring of protection from cold (left hand)
 y - an uncursed ring of see invisible
 K - an uncursed ring of positive energy
 O - a ring of protection from fire (right hand)
 Q - the amulet of Kydgheac (around neck) {RegenMP rElec MR+}
   (You acquired it on level 12 of the Dungeon)

   [amulet of magic regeneration]

   It increases your magic regeneration.
   It insulates you from electricity.
   It affects your resistance to hostile enchantments.
Wands
 i - a wand of confusion (27/48)
 L - a wand of teleportation (3/9)
 N - a wand of teleportation (6/9)
Scrolls
 l - 6 scrolls of teleportation
 n - 6 scrolls of enchant weapon
 p - 12 scrolls of remove curse
 t - 7 scrolls of identify
 v - 6 scrolls of recharging
 B - 4 scrolls of fog
 D - a scroll of magic mapping
 G - a scroll of blinking
 J - 5 scrolls of enchant armour
Potions
 c - a potion of resistance
 e - 11 potions of curing
 g - 4 potions of invisibility
 h - 4 potions of cancellation
 q - 6 potions of haste
 A - 5 potions of heal wounds
 F - a potion of cure mutation
 X - 2 potions of flight
 Z - 4 potions of ambrosia
Comestibles
 f - 13 bread rations
 j - 18 meat rations
 E - 6 royal jellies


   Skills:
 + Level 9.3 Fighting
 - Level 20.0 Axes
 * Level 18.2 Crossbows
 + Level 8.6 Armour
 - Level 16.0 Dodging
 - Level 0.7 Stealth
 + Level 6.9 Invocations


You had 15 spell levels left.
You didn't know any spells.

Dungeon Overview and Level Annotations

Branches:
Dungeon (15/15)            Temple (1/1) D:4            Lair (6/6) D:11
  Swamp (4/4) Lair:3       Spider (0/4) Lair:3        Slime (0/5) Lair:5
    Orc (2/2) D:10            Elf (0/3) Orc:2        Vaults (0/5) D:13
 Depths (0/5) D:15

Altars:
Ashenzari
Cheibriados
Dithmenos
Elyvilon
Hepliaklqana
Kikubaaqudgha
Makhleb
Nemelex Xobeh
Okawaru
Qazlal
Sif Muna
Trog
Vehumet
Xom
Yredelemnul
Zin
The Shining One
Beogh
Jiyva

Shops:
D:4 !   D:5 *   D:9 *   D:11 [   Orc:2 ![[*?:((%

Portals:
Hell: Lair:6

Annotations:
D:7 Prince Ribbit
Lair:2 exclusion: oklob plant
Lair:5 1 runed door


Innate Abilities, Weirdness & Mutations

You reflexively headbutt those who attack you in melee.
You have a pair of large horns on your head.
Your body sometimes deteriorates upon taking damage.


Message History

You closely miss the thorn hunter.
You headbutt the thorn hunter, but do no damage.
The thorn hunter is severely damaged.
You closely miss the thorn hunter.
You headbutt the thorn hunter, but do no damage.
The thorn hunter is severely damaged.
The thorn hunter hits you!
* * * LOW HITPOINT WARNING * * *
The thorn hunter hits you.
* * * LOW HITPOINT WARNING * * *
You closely miss the thorn hunter. You headbutt the thorn hunter.
The thorn hunter is severely damaged.
You slash the swamp drake! You burn the swamp drake.
You closely miss the thorn hunter.
The thorn hunter is severely damaged.
You barely miss the swamp drake.
You feel sick.
The thorn hunter gestures.
The thorn hunter fires a volley of thorns at you.
The volley of thorns hits you!
You die...

██...♣.≈♣≈..≈≈≈≈≈♣
♣≈§.≈)≈.≈≈≈.≈≈≈..♣
█≈≈≈.≈≈≈..≈.♣...≈.♣
≈≈≈..≈≈≈≈≈≈≈♣♣♣..≈♣
≈.≈k.≈..≈≈.♣♣≈♣♣♣♣♣
k≈♣♣.≈♣≈...♣≈≈≈.♣ ≈
♣♣♣♣♣.≈..≈≈≈.♣
♣♣.fk§≈.♣♣
♣♣♣@§.≈♣♣♣♣
♣§§§....≈♣
♣≈≈≈≈≈≈≈P.
♣..≈≈.≈≈.PP
♣.≈≈≈≈...≈PP
≈.≈≈≈≈≈.≈(≈PP
≈..≈≈PPPP♣♣PPP
♣≈≈.≈≈PPP♣♣


PPP ...♣≈.≈≈≈♣ ♣♣ You could see a thorn hunter and a swamp drake.

Vanquished Creatures
  Donald (Swamp:2)
  2 thorn hunters
  Aizul (Swamp:2)
  A caustic shrike zombie (D:15)
  Louise (D:15)
  A reaper (IceCv)
  A dire elephant (Lair:6)
  An ettin (Orc:2)
  2 ogre magi
  11 hydras
  Fannar (Lair:2)
  5 vault guards (D:13)
  A ghost crab (shapeshifter) (D:15)
  5 centaur warriors
  15 alligators
  A catoblepas (D:13)
  Erica (D:8)
  2 tengu warriors (D:15)
  An orc high priest (Orc:2)
  9 death yaks
  Urug (D:14)
  A sixfirhy (Lair:6)
  5 skeletal warriors (D:15)
  2 wizards
  2 swamp dragons
  3 unseen horrors
  A flayed ghost (D:15)
  3 shambling mangroves
  5 hill giants
  A necromancer (D:15)
  Pikel (D:4)
  A deep elf mage (D:12)
  2 orc knights
  10 ugly things
  12 orc sorcerers
  5 cyclopes
  An orb spider (Lair:3)
  A stone giant skeleton (D:15)
  A manticore (D:11)
  6 elephants
  5 centaur zombies
  7 black mambas
  Joseph (D:7)
  2 ice statues (IceCv)
  4 orange demons (Lair:6)
  17 spiny frogs
  A torpor snail (Lair:4)
  A smoke demon (Lair:6)
  3 gargoyles
  A kobold demonologist (D:15)
  2 efreet
  2 rime drakes
  A hellwing (Lair:6)
  A yaktaur (D:15)
  A guardian mummy (D:15)
  7 ice devils
  8 komodo dragons
  3 red devils (Lair:6)
  9 tyrant leeches
  A spriggan skeleton (D:15)
  A merfolk (D:10)
  2 two-headed ogres (D:12)
  6 meliai
  A queen bee (D:11)
  5 hornets
  A polar bear (Lair:6)
  7 trolls
  A harpy skeleton (D:15)
  2 dream sheep (Lair:4)
  4 blink frogs
  3 bog bodies
  8 slime creatures (Swamp:2)
  An ice dragon zombie (D:15)
  9 hippogriffs
  2 shadows
  A spriggan (Swamp:3)
  4 wraiths
  Sigmund (D:3)
  A wyvern (D:10)
  A vampire (Swamp:1)
  20 yaks
  A basilisk (Lair:1)
  4 hungry ghosts
  2 humans (D:13)
  14 vampire mosquitoes
  A mottled dragon (D:15)
  8 insubstantial wisps
  3 wargs
  A soldier ant (D:9)
  17 swamp worms
  12 water moccasins
  A hell hound (Lair:6)
  5 porcupines
  9 swamp drakes
  3 ice beasts
  2 black bears
  8 sky beasts
  A phantom (D:14)
  9 orc warriors
  A slave (D:4)
  9 ogres
  4 wolves (Lair:2)
  13 centaurs
  14 crocodiles
  2 big kobolds
  15 bullfrogs
  A wyvern zombie (D:11)
  13 scorpions
  29 killer bees
  18 wights
  7 crimson imps
  16 howler monkeys
  2 quasits
  A wyvern simulacrum (D:14)
  3 jellies
  3 bullfrog skeletons
  A bullfrog zombie (D:5)
  A hound (D:7)
  6 centaur skeletons
  10 orc priests
  Crazy Yiuf (D:7)
  40 orc wizards
  6 iguanas
  11 worker ants
  2 killer bee zombies
  2 hound skeletons
  Robin (D:4)
  A worker ant zombie (D:8)
  13 adders
  2 howler monkey skeletons
  4 shadow imps
  21 white imps
  5 ufetubi (IceCv)
  2 oozes (D:2)
  2 worms (D:2)
  5 dart slugs
  4 leopard geckos
  64 orcs
  2 ball pythons
  4 giant cockroaches
  19 goblins
  12 hobgoblins
  13 jackals
  11 kobolds
  2 quokkas
  7 bats
  2 frilled lizards (D:3)
  A jackal skeleton (D:5)
  2 leopard gecko skeletons
  9 rats
  7 fungi
  7 plants
  A withered plant (D:15)
840 creatures vanquished.

Vanquished Creatures (collateral kills)
  2 howler monkeys (D:13)
2 creatures vanquished.

Vanquished Creatures (others)
  An orc warrior (Orc:2)
  A slave (D:4)
  An ogre (D:4)
  2 white imps (IceCv)
  6 ufetubi (IceCv)
  3 fungi (Lair:6)
  23 plants
  5 withered plants (D:15)
42 creatures vanquished.

Grand Total: 884 creatures vanquished

Notes
Turn   | Place    | Note
-------+----------+-------------------------------------------
     0 | D:1      | nht the Minotaur Hunter began the quest for the Orb.
     0 | D:1      | Reached XP level 1. HP: 18/18 MP: 0/0
   107 | D:1      | Reached XP level 2. HP: 25/25 MP: 1/1
   127 | D:1      | Reached skill level 5 in Crossbows
   289 | D:1      | You fall through a shaft!
   415 | D:1      | Reached XP level 3. HP: 30/30 MP: 2/2
  1179 | D:2      | Reached XP level 4. HP: 37/37 MP: 3/3
  1496 | D:3      | Noticed Sigmund
  1621 | D:3      | Killed Sigmund
  1621 | D:3      | Reached XP level 5. HP: 40/42 MP: 4/4
  1951 | D:3      | Reached XP level 6. HP: 50/50 MP: 5/5
  2350 | D:4      | Found a sparkling altar of Nemelex Xobeh.
  2410 | D:4      | Found a staircase to the Ecumenical Temple.
  2431 | Temple   | Entered the Ecumenical Temple
  2436 | Temple   | Became a worshipper of Warmaster Okawaru
  2495 | D:4      | Found Paschuar's Distillery.
  2509 | D:4      | Noticed Robin
  2538 | D:4      | Killed Robin
  2563 | D:4      | Bought a potion of mutation for 27 gold pieces
  2563 | D:4      | Bought a potion of degeneration for 11 gold pieces
  2563 | D:4      | Bought a potion of might for 44 gold pieces
  2563 | D:4      | Bought a potion of curing for 33 gold pieces
  2686 | D:4      | Noticed a slave
  2705 | D:4      | Killed a slave
  2790 | D:4      | Noticed Pikel
  2790 | D:4      | Noticed a slave
  2790 | D:4      | Noticed a slave
  2791 | D:4      | Noticed a slave
  2810 | D:4      | Killed Pikel
  2810 | D:4      | Reached * piety under Okawaru
  2810 | D:4      | Reached skill level 10 in Crossbows
  2810 | D:4      | Reached XP level 7. HP: 29/56 MP: 6/6
  3064 | D:5      | Entered Level 5 of the Dungeon
  3105 | D:5      | Reached ** piety under Okawaru
  3105 | D:5      | Reached skill level 1 in Armour
  3308 | D:5      | Reached XP level 8. HP: 60/63 MP: 7/7
  3374 | D:5      | Found Setzy's Assorted Antiques.
  3379 | D:5      | Bought a fuming inky potion for 20 gold pieces
  3971 | D:5      | Reached skill level 5 in Fighting
  4171 | D:6      | Reached skill level 5 in Dodging
  4295 | D:6      | Reached *** piety under Okawaru
  4369 | D:6      | Got a pair of heavily runed gloves
  4375 | D:6      | Identified the +0 pair of gloves "Ivixzean" {rC- MR+ Dex+2} (You found it on level 6 of the Dungeon)
  4731 | D:7      | Reached skill level 5 in Armour
  4743 | D:7      | Got an ancient ring mail
  4781 | D:7      | Reached XP level 9. HP: 75/75 MP: 8/8
  4814 | D:7      | Noticed Joseph
  4824 | D:7      | Killed Joseph
  4870 | D:7      | Identified the +0 ring mail of Leaves {-Tele rF- rN+ Int+9} (You found it on level 7 of the Dungeon)
  5363 | D:7      | Found a runed door.
  5364 | D:7      | You fall through a shaft!
  5364 | D:8      | Noticed Erica
  5364 | D:8      | Noticed Prince Ribbit
  5379 | D:8      | Reached **** piety under Okawaru
  5538 | D:7      | Noticed Crazy Yiuf
  5545 | D:7      | Killed Crazy Yiuf
  6462 | D:9      | Received a gift from Okawaru
  6465 | D:9      | Reached XP level 10. HP: 38/90 MP: 7/9
  6763 | D:9      | Got a jewelled scale mail
  6767 | D:9      | Identified the +4 scale mail "Ettophoall" {+Fly rF- Int+4 SInv} (You found it on level 9 of the Dungeon)
  6828 | D:9      | Found Fyturo's General Store.
  7229 | D:8      | Received a gift from Okawaru
  7366 | D:5      | Bought an ancient battleaxe for 264 gold pieces
  7366 | D:5      | Identified the +11 battleaxe of the Pill Bug {pain, rN++ Str+4 Int+4 Dex-5} (You bought it in a shop on level 5 of the Dungeon)
  7510 | D:8      | Reached skill level 1 in Axes
  7521 | D:8      | Reached skill level 2 in Axes
  7535 | D:8      | Killed Erica
  7535 | D:8      | Reached skill level 5 in Axes
  7656 | D:10     | Entered Level 10 of the Dungeon
  7795 | D:10     | Got a translucent battleaxe
  7796 | D:10     | Identified the +7 battleaxe "nht's Bane" {antimagic, rC++} (You found it on level 10 of the Dungeon)
  7828 | D:10     | Received a gift from Okawaru
  7828 | D:10     | Reached skill level 6 in Axes
  7841 | D:10     | Found a staircase to the Orcish Mines.
  7859 | D:10     | Reached skill level 7 in Axes
  8106 | D:10     | Reached ***** piety under Okawaru
  8106 | D:10     | Reached skill level 8 in Axes
  8186 | D:10     | Received a gift from Okawaru
  8272 | D:11     | Reached skill level 9 in Axes
  8312 | D:11     | Found Xeolliewa's Armour Shop.
  8328 | D:11     | Reached XP level 11. HP: 97/97 MP: 7/10
  8366 | D:11     | You fall through a shaft for 2 floors!
  8366 | D:13     | Noticed a vault guard
  8380 | D:13     | Noticed a centaur warrior
  8392 | D:13     | Killed a centaur warrior
  8392 | D:13     | Reached skill level 10 in Axes
  8405 | D:13     | Noticed a red ugly thing
  8410 | D:13     | Received a gift from Okawaru
  8416 | D:13     | Killed a red ugly thing
  8416 | D:13     | Received a gift from Okawaru
  8423 | D:13     | Killed an unseen horror
  8423 | D:13     | Reached skill level 11 in Axes
  8744 | D:11     | Found a staircase to the Lair.
  8881 | D:11     | Reached skill level 12 in Axes
  8896 | D:11     | Received a gift from Okawaru
  9149 | D:11     | Reached skill level 13 in Axes
  9461 | D:12     | Identified a scroll of acquirement
  9462 | D:12     | Got a pitted jade amulet
  9463 | D:12     | Identified the amulet of Kydgheac {RegenMP rElec MR+} (You acquired it on level 12 of the Dungeon)
  9516 | D:12     | Got a faintly glowing hand axe
  9517 | D:12     | Identified the +5 hand axe of Amorality {flame, Str+4 Int+8} (You found it on level 12 of the Dungeon)
  9703 | D:12     | Noticed a deep elf mage
  9706 | D:12     | Killed a deep elf mage
  9706 | D:12     | Reached skill level 14 in Axes
 10020 | D:12     | Reached XP level 12. HP: 86/104 MP: 11/11
 10443 | D:13     | Reached skill level 15 in Axes
 10458 | D:13     | Noticed a centaur warrior
 10463 | D:13     | Killed a centaur warrior
 11002 | D:13     | Noticed a vault guard
 11014 | D:13     | Reached skill level 16 in Axes
 11032 | D:13     | Noticed an ogre mage
 11042 | D:13     | Noticed a centaur warrior
 11043 | D:13     | Killed a vault guard
 11048 | D:13     | Killed an ogre mage
 11048 | D:13     | Reached ****** piety under Okawaru
 11048 | D:13     | Received a gift from Okawaru
 11052 | D:13     | Killed a centaur warrior
 11053 | D:13     | Got a spiked cloak {god gift}
 11067 | D:13     | Noticed a vault guard
 11067 | D:13     | Noticed a vault guard
 11067 | D:13     | Noticed a vault guard
 11455 | D:13     | Noticed a catoblepas
 11469 | D:13     | Killed a catoblepas
 11469 | D:13     | Reached skill level 17 in Axes
 11776 | D:13     | Noticed a centaur warrior
 11782 | D:13     | Killed a centaur warrior
 12100 | D:13     | Killed a vault guard
 12239 | D:13     | Found a gate to the Vaults.
 12249 | D:13     | Killed a vault guard
 12249 | D:13     | Reached skill level 18 in Axes
 12250 | D:13     | Killed a vault guard
 12250 | D:13     | Reached XP level 13. HP: 85/111 MP: 12/12
 12611 | D:13     | Identified the +0 cloak "Oliob" {rN+ rCorr Slay-6} (Okawaru gifted it to you on level 13 of the Dungeon)
 12763 | D:9      | Bought a scroll of recharging for 123 gold pieces
 12763 | D:9      | Bought a scroll of magic mapping for 45 gold pieces
 12837 | Lair:1   | Entered Level 1 of the Lair of Beasts
 12929 | Lair:1   | Gained mutation: You have a pair of large horns on your head. [potion of beneficial mutation]
 12990 | Lair:1   | Received a gift from Okawaru
 13537 | Lair:2   | Noticed Fannar
 13549 | Lair:2   | Killed Fannar
 13549 | Lair:2   | Reached skill level 19 in Axes
 13917 | Lair:2   | Received a gift from Okawaru
 13935 | Lair:2   | Found a sparkling altar of Nemelex Xobeh.
 14466 | Lair:3   | Found a frozen archway.
 14477 | Lair:3   | Received a gift from Okawaru
 14595 | IceCv    | Entered an ice cave
 14838 | IceCv    | Received a gift from Okawaru
 15135 | IceCv    | Reached skill level 20 in Axes
 15232 | IceCv    | Noticed a reaper
 15243 | IceCv    | Killed a reaper
 15276 | IceCv    | Got a crude demon whip
 15438 | Lair:3   | Found a staircase to the Swamp.
 15598 | Lair:3   | Found a hole to the Spider Nest.
 16808 | Lair:5   | Reached XP level 14. HP: 118/118 MP: 13/13
 16925 | Lair:5   | Found a runed door.
 16928 | Lair:5   | Found a viscous altar of Jiyva.
 16932 | Lair:5   | Noticed an acid blob
 16932 | Lair:5   | Noticed an acid blob
 16932 | Lair:5   | Noticed an acid blob
 16939 | Lair:5   | Noticed an acid blob
 16940 | Lair:5   | Noticed an acid blob
 16941 | Lair:5   | Found a staircase to the Slime Pits.
 16983 | Lair:5   | Received a gift from Okawaru
 17345 | Lair:6   | Entered Level 6 of the Lair of Beasts
 18236 | Lair:6   | Found a burning altar of Makhleb.
 18548 | Lair:6   | Found a gateway to Hell.
 18550 | Lair:6   | Reached skill level 15 in Crossbows
 18748 | Lair:6   | Received a gift from Okawaru
 18758 | Lair:6   | Reached skill level 10 in Dodging
 19212 | Lair:6   | Received a gift from Okawaru
 19475 | D:4      | Bought a potion of resistance for 110 gold pieces
 19475 | D:4      | Bought a potion of might for 44 gold pieces
 19475 | D:4      | Bought a potion of curing for 33 gold pieces
 19475 | D:4      | Bought a potion of curing for 33 gold pieces
 19475 | D:4      | Bought a potion of cancellation for 88 gold pieces
 19475 | D:4      | Bought a potion of lignification for 33 gold pieces
 19475 | D:4      | Bought a potion of ambrosia for 88 gold pieces
 19475 | D:4      | Bought a potion of curing for 33 gold pieces
 19582 | Orc:1    | Entered Level 1 of the Orcish Mines
 19698 | Orc:2    | Entered Level 2 of the Orcish Mines
 19698 | Orc:2    | Found Komn's General Store.
 19698 | Orc:2    | Found Forchol's Magic Scroll Boutique.
 19755 | Orc:2    | Found Uwuuduh's Weapon Boutique.
 19758 | Orc:2    | Found a staircase to the Elven Halls.
 19781 | Orc:2    | Found Xuyth's Weapon Boutique.
 19823 | Orc:2    | Found Gismiyse's Food Emporium.
 19959 | Orc:2    | Found an ancient bone altar of Kikubaaqudgha.
 20088 | Orc:2    | Found Got Fuaq's Book Emporium.
 20156 | Orc:2    | Found a radiant altar of Vehumet.
 20200 | Orc:2    | Found a roughly hewn altar of Beogh.
 20200 | Orc:2    | Found Dobluutz's Antique Armour Shoppe.
 20204 | Orc:2    | Received a gift from Okawaru
 20215 | Orc:2    | Found Urries's Antique Armour Emporium.
 20242 | Orc:2    | Found Fex Puabe's Distillery.
 20269 | Orc:2    | Bought a potion of cancellation for 96 gold pieces
 20824 | Orc:2    | Found a roughly hewn altar of Beogh.
 20945 | Orc:2    | Received a gift from Okawaru
 21512 | Orc:2    | Bought a scroll of fog for 32 gold pieces
 21512 | Orc:2    | Bought a scroll of fog for 32 gold pieces
 21512 | Orc:2    | Bought a scroll of teleportation for 48 gold pieces
 21512 | Orc:2    | Bought a scroll of teleportation for 48 gold pieces
 21512 | Orc:2    | Bought a scroll of enchant weapon for 120 gold pieces
 21512 | Orc:2    | Bought a scroll of recharging for 152 gold pieces
 21512 | Orc:2    | Bought a scroll of enchant armour for 120 gold pieces
 21564 | D:11     | Reached XP level 15. HP: 123/124 MP: 14/14
 21961 | D:14     | Reached skill level 15 in Dodging
 22145 | D:14     | Noticed Urug
 22164 | D:14     | Killed Urug
 22298 | D:15     | Entered Level 15 of the Dungeon
 22336 | D:15     | Noticed Louise
 22370 | D:15     | Killed Louise
 22744 | D:15     | Received a gift from Okawaru
 22924 | D:15     | Found a staircase to the Depths.
 23006 | D:15     | Gained mutation: Your body sometimes deteriorates upon taking damage. [a shining eye]
 23096 | D:15     | Received a gift from Okawaru
 23263 | D:15     | Found a shimmering altar of Xom.
 23985 | Swamp:1  | Entered Level 1 of the Swamp
 24044 | Swamp:1  | Received a gift from Okawaru
 24139 | Swamp:2  | Noticed a thorn hunter
 24429 | Swamp:1  | Received a gift from Okawaru
 24449 | Swamp:1  | Got a heavily runed scale mail {god gift}
 24450 | Swamp:1  | Identified the +1 scale mail "Ushowi" {rPois} (Okawaru gifted it to you on level 1 of the Swamp)
 24867 | Swamp:1  | Reached skill level 1 in Invocations
 25045 | Swamp:2  | Killed a thorn hunter
 25455 | Swamp:2  | Noticed Donald
 25624 | Swamp:2  | Noticed Aizul
 25855 | Swamp:2  | Killed Donald
 26111 | Swamp:2  | Reached XP level 16. HP: 115/132 MP: 5/17
 26396 | Swamp:2  | Killed Aizul
 27022 | Swamp:3  | Reached skill level 5 in Invocations
 27348 | Swamp:3  | Received a gift from Okawaru
 27636 | Swamp:3  | Noticed a thorn hunter
 27650 | Swamp:3  | Killed a thorn hunter
 28232 | Swamp:4  | Entered Level 4 of the Swamp
 28242 | Swamp:3  | Received a gift from Okawaru
 28690 | Swamp:4  | Noticed a thorn hunter
 28699 | Swamp:4  | Received a gift from Okawaru
 28714 | Swamp:4  | Killed from afar by a thorn hunter

Skill      XL: |  1  2  3  4  5  6  7  8  9 10 11 12 13 14 15 16 |
---------------+-------------------------------------------------+-----
Crossbows      | 5 6 7 8 10 12 15 17 18 | 18.2
Armour         | 1 5 7 8 |  8.6
Fighting       | 3 6 8 9 |  9.3
Dodging        | 5 7 14 16 | 16.0
Axes           | 9 14 18 20 | 20.0
Invocations    | 3 6 |  6.9
Stealth        | |  0.7

Action                   |  1- 3 |  4- 6 |  7- 9 | 10-12 | 13-15 | 16-18 || total
-------------------------+-------+-------+-------+-------+-------+-------++-------
Melee: Trident           |       |    32 |    72 |       |       |       ||   104
       Unarmed           |       |    27 |     1 |       |       |       ||    28
       Headbutt          |       |     5 |    55 |    81 |   223 |    50 ||   414
       Falchion          |       |       |   134 |     2 |       |       ||   136
       Mace              |       |       |    71 |     2 |       |       ||    73
       Battleaxe         |       |       |       |   422 |  1037 |   246 ||  1705
       Hand axe          |       |       |       |       |    10 |       ||    10
 Fire: Hand crossbow     |    93 |   140 |   121 |    70 |       |       ||   424
       Arbalest          |       |       |       |       |    41 |    25 ||    66
Invok: Heroism           |       |       |     4 |     8 |     6 |       ||    18
       Finesse           |       |       |       |       |       |     2 ||     2
Evoke: Wand              |       |       |    22 |    16 |    35 |       ||    73
  Use: Scroll            |       |     4 |    18 |    15 |    11 |     2 ||    50
       Potion            |       |     2 |     2 |     5 |     3 |     1 ||    13
 Stab: Paralysed         |       |       |     4 |       |     1 |       ||     5
       Confused          |       |       |       |     1 |     2 |       ||     3
       Sleeping          |       |       |       |       |     1 |       ||     1
  Eat: Chunk             |     1 |     5 |    14 |    22 |    23 |     8 ||    73
       Fruit             |       |       |     3 |       |     2 |       ||     5
       Beef jerky        |       |       |     1 |       |     5 |       ||     6
       Pizza             |       |       |       |       |     2 |       ||     2
       Meat ration       |       |       |       |       |     1 |       ||     1
       Royal jelly       |       |       |       |       |     1 |     1 ||     2
Armor: Leather armour    |    18 |       |       |       |       |       ||    18
       Plate armour      |       |    80 |   104 |   301 |   400 |       ||   885
       Skin              |       |     1 |       |       |       |       ||     1
       Chain mail        |       |       |   160 |     1 |    58 |       ||   219
       Swamp dragon scal |       |       |       |       |    35 |    69 ||   104
Dodge: Dodged            |    26 |    43 |   236 |   211 |   484 |   164 ||  1164
       Rpst.: Falchion   |       |       |    26 |       |       |       ||    26
